 Dungeon Crawl Stone Soup version 0.18-a0-705-g580043c (webtiles) character file.

17857 4thArraOfDagon the Grappler (level 12, -10/102 HPs)
             Began as a Ghoul Gladiator on Dec 7, 2015.
             Was a High Priest of Cheibriados.
             Mangled by a cyclops (25 damage)
             ... on level 4 of the Orcish Mines.
             The game lasted 00:32:53 (5153 turns).

4thArraOfDagon the Grappler (Ghoul Gladiator)       Turns: 5153, Time: 00:32:54

Health: -10/102    AC: 13    Str: 34    XL:     12   Next: 52%
Magic:  5/16       EV: 18    Int: 23    God:    Cheibriados [*****.]
Gold:   946        SH:  0    Dex: 23    Spells: 2 memorised, 13 levels left

rFire  + + .     SeeInvis .       - Unarmed
rCold  + + .     Clarity  .     i - +3 ring mail of Follow the Leader {rElec rF+ Int+2 Stlth+}
rNeg   + + +     SustAt   .     (no shield)
rPois  ∞         Gourm    .     P - +2 helmet of Misanthropy {rF+ rC+}
rElec  +         Spirit   .     c - +0 cloak
rCorr  .         Dismiss  .     (no gloves)
rMut   .         Rnd*Tele +     (no boots)
MR     .....                    (no amulet)
Stlth  ++........               I - ring of teleportation
                                f - ring of wizardry

@: about to teleport, very slightly contaminated, rotting, invisible, very slow,
not resistant to hostile enchantments, unstealthy
A: rotting body, claws 1, carnivore 3, cold resistance 1, negative energy
resistance 3, slow regeneration 1, torment resistance, unbreathing
a: Bend Time, Temporal Distortion, Slouch, Step From Time, Renounce Religion,
Evoke Teleportation


You were on level 4 of the Orcish Mines.
You worshipped Cheibriados.
Cheibriados was extremely pleased with you.
You were not hungry.

You visited 3 branches of the dungeon, and saw 19 of its levels.

You collected 1372 gold pieces.
You spent 426 gold pieces at shops.

Inventory:

Armour
 c - a +0 cloak (worn)
 i - the +3 ring mail of Follow the Leader (worn) {rElec rF+ Int+2 Stlth+}
   (You found it on level 4 of the Dungeon)

   It affects your intelligence (+2).
   It protects you from fire.
   It insulates you from electricity.
   It makes you more stealthy.
 s - a +0 shield of reflection
 G - a troll hide
 P - the +2 helmet of Misanthropy (worn) {rF+ rC+}
   (You bought it in a shop on level 9 of the Dungeon)

   It protects you from fire.
   It protects you from cold.
Magical Staves
 K - an uncursed staff of cold {unknown}
Jewellery
 f - a ring of wizardry (left claw)
 I - a ring of teleportation (right claw)
Wands
 o - a wand of confusion (28)
 p - a wand of random effects (21)
 r - a wand of polymorph (7)
 v - a wand of draining (1)
 y - a wand of heal wounds (3)
 D - a wand of flame (4)
 E - a wand of disintegration (12)
 M - a wand of fireball (13)
Scrolls
 g - a scroll of teleportation {unknown}
 h - 2 scrolls of magic mapping {unknown}
 k - 2 scrolls of fear {unknown}
 l - a scroll of vulnerability {unknown}
 n - 2 scrolls of amnesia
 t - 2 scrolls of enchant armour {unknown}
 u - a scroll of blinking {unknown}
 w - a scroll of immolation {unknown}
 B - 2 scrolls of remove curse
 J - a scroll of summoning {unknown}
Potions
 a - a potion of ambrosia
 j - a potion of flight {unknown}
 m - 3 potions of lignification
 C - 2 potions of cancellation
 F - 2 potions of might {unknown}
 H - a potion of cure mutation {unknown}
 L - a potion of curing {unknown}
 N - a potion of haste {unknown}
Comestibles
 b - 10 chunks of flesh
 d - 2 meat rations
 q - 11 slices of pizza
 x - a royal jelly
 A - 2 beef jerkies


   Skills:
 - Level 8.2 Fighting
 - Level 1.7 Throwing
 - Level 6.2 Armour
 - Level 7.2 Dodging
 + Level 1.1 Shields
 * Level 13.6 Unarmed Combat
 - Level 2.0 Spellcasting
 - Level 3.5 Translocations
 - Level 7.1 Invocations
 - Level 5.0 Evocations


You had 13 spell levels left.
You knew the following spells:

 Your Spells              Type           Power        Failure   Level  Hunger
a - Apportation           Tloc           ###.......   1%          1    #......
b - Animate Skeleton      Necr           N/A          7%          1    #......


Dungeon Overview and Level Annotations

Branches:
Dungeon (14/15)            Temple (1/1) D:7            Lair (0/8) D:8
    Orc (4/4) D:10
    Elf: Orc:3-4     Vaults: D:13-14

Altars:
Ashenzari
Cheibriados
Dithmenos
Nemelex Xobeh
Pakellas
Vehumet
Beogh

Shops:
D:8 (   D:9 [   Orc:4 (%

Portals:
Trove: D:13 (give 6 scrolls of blinking)

Annotations:
D:11 Erica, Maud
D:12 Frances


Innate Abilities, Weirdness & Mutations

Your body is rotting away.
You thrive on raw meat.
You are immune to poison.
You have sharp fingernails.
You are carnivorous and can eat meat at any time.
Your flesh is cold resistant.
You are immune to negative energy.
You regenerate slowly when monsters are visible.
You are immune to unholy pain and torment.
You can survive without breathing.


Message History

Okay, then.
Cheibriados appreciates the change of pace.
You feel a bit more experienced.
You warp the flow of time around you!
You feel somewhat more hungry.
Cheibriados reduces the support of your attributes as your movement quickens.
A troll comes into view.
You warp the flow of time around you!
You feel somewhat more hungry.
An ogre and a two-headed ogre come into view.
Unknown command.
Read which item? (? for menu, Esc to quit)
Okay, then.
Put on which piece of jewellery? (? for menu, Esc to quit)
You feel slightly jumpy.
I - a ring of teleportation (right claw)
You hear a shout!
The troll shouts!
The ogre shouts!
Unknown command.
You feel strangely unstable.
You feel somewhat more hungry.
The ogre shouts!
You hear some strange, mumbled words.
The ogre seems to speed up.
The cyclops hits you!!
You die...

....#.#........)[.....###
....#####.....[.[.....#
...## ###)........###
....# ##........# ...##
#........## ..##
###)...### .## #.T...# ##
##....## ###O@C# ##.#)#T#
##..).O.T# #..O#... # #
##......# ## .#
##....O###.#...
###....#.##......##
........O.........#
∩..O...)..........#


You could see 2 deep trolls, a cyclops, a troll, a two-headed ogre and 4 ogres.

Vanquished Creatures
  Donald (Orc:4)
  Erolcha (D:13)
  Urug (Orc:3)
  4 hill giants
  2 cyclopes (Orc:4)
  Maurice (Orc:3)
  Psyche (D:10)
  A centaur skeleton (D:11)
  A gargoyle (D:12)
  7 trolls
  Grinder (D:4)
  4 two-headed ogres
  6 yaks
  A shadow (D:12)
  3 wraiths
  A wyvern (D:12)
  A human (D:7)
  2 hippogriffs
  2 hungry ghosts
  3 vampire mosquitoes (D:13)
  A warg (Orc:4)
  3 ice beasts
  An eye of draining (D:11)
  A phantom (D:8)
  A necrophage (D:6)
  10 orc warriors
  2 sky beasts
  18 ogres
  6 centaurs (D:13)
  4 giant frogs
  2 scorpions
  3 killer bees (D:13)
  8 wights
  An electric eel (D:10)
  A crimson imp (D:7)
  A jelly (D:8)
  A quasit (D:5)
  20 orc wizards
  8 orc priests
  3 hounds
  5 giant frog skeletons
  An iguana (D:11)
  4 worker ants
  4 sheep (D:7)
  A killer bee zombie (D:5)
  5 adders
  3 shadow imps
  An ooze (D:7)
  A worm (D:5)
  An adder skeleton (D:9)
  124 orcs
  A bat (D:3)
  2 giant cockroaches
  2 goblins
  A hobgoblin (D:3)
  6 jackals
  2 quokkas
  A giant newt (D:5)
304 creatures vanquished.

Vanquished Creatures (collateral kills)
  A two-headed ogre (Orc:4)
  An ogre (Orc:4)
2 creatures vanquished.

Vanquished Creatures (others)
  A two-headed ogre (Orc:4)
  An ogre (Orc:4)
2 creatures vanquished.

Grand Total: 308 creatures vanquished

Notes
Turn   | Place    | Note
--------------------------------------------------------------
     0 | D:1      | 4thArraOfDagon the Ghoul Gladiator began the quest for the Orb.
     0 | D:1      | Reached XP level 1. HP: 17/17 MP: 0/0
   180 | D:3      | Reached XP level 2. HP: 22/24 MP: 1/1
   270 | D:4      | Noticed Grinder
   295 | D:4      | Paralysed by Grinder for 3 turns
   302 | D:4      | Killed Grinder
   302 | D:4      | Reached skill level 1 in Armour
   302 | D:4      | Reached skill level 4 in Unarmed Combat
   302 | D:4      | Reached XP level 3. HP: 23/31 MP: 2/2
   302 | D:4      | Reached XP level 4. HP: 28/38 MP: 3/3
   302 | D:4      | Reached XP level 5. HP: 33/45 MP: 4/4
   363 | D:4      | Reached skill level 5 in Unarmed Combat
   386 | D:4      | Got a shimmering ring mail
   397 | D:4      | Identified the +3 ring mail of Follow the Leader {rElec rF+ Int+2 Stlth+} (You found it on level 4 of the Dungeon)
   459 | D:5      | Entered Level 5 of the Dungeon
   482 | D:5      | Reached XP level 6. HP: 39/51 MP: 5/5
   691 | D:5      | Reached XP level 7. HP: 55/59 MP: 6/6
   848 | D:6      | Found a radiant altar of Vehumet.
   895 | D:6      | Reached skill level 6 in Unarmed Combat
  1000 | D:7      | Found a staircase to the Ecumenical Temple.
  1011 | Temple   | Entered the Ecumenical Temple
  1024 | Temple   | meh
  1027 | Temple   | Became a worshipper of Cheibriados the Contemplative
  1028 | Temple   | lets try this useless shit
  1177 | D:7      | Found a shadowy altar of Dithmenos.
  1352 | D:7      | Reached skill level 1 in Invocations
  1399 | D:7      | Noticed a human
  1413 | D:7      | Killed a human
  1413 | D:7      | Reached * piety under Cheibriados
  1413 | D:7      | Reached XP level 8. HP: 58/67 MP: 6/8
  1521 | D:8      | Reached skill level 5 in Fighting
  1521 | D:8      | Reached skill level 7 in Unarmed Combat
  1571 | D:8      | Found a staircase to the Lair.
  1631 | D:8      | Reached skill level 5 in Dodging
  1732 | D:9      | Learned a level 1 spell: Apportation
  1734 | D:9      | Learned a level 1 spell: Animate Skeleton
  1775 | D:9      | Found Legetzai's Armour Shop.
  1788 | D:9      | Reached ** piety under Cheibriados
  1790 | D:9      | Reached XP level 9. HP: 66/74 MP: 10/10
  1838 | D:9      | Reached skill level 8 in Unarmed Combat
  1889 | D:8      | Found a shattered altar of Ashenzari.
  1918 | D:8      | Found Efetig's Antique Weapon Boutique.
  2144 | D:10     | Entered Level 10 of the Dungeon
  2165 | D:10     | Found an oddly glowing altar of Pakellas.
  2166 | D:10     | Noticed Psyche
  2219 | D:11     | Noticed a centaur skeleton
  2229 | D:11     | Killed a centaur skeleton
  2229 | D:11     | Reached *** piety under Cheibriados
  2268 | D:11     | Reached skill level 9 in Unarmed Combat
  2428 | D:11     | Noticed Erica
  2554 | D:11     | Reached skill level 5 in Armour
  2554 | D:11     | Reached skill level 5 in Invocations
  2554 | D:11     | Reached XP level 10. HP: 84/84 MP: 12/12
  2610 | D:12     | Reached skill level 1 in Evocations
  2721 | D:13     | Noticed Erolcha
  2824 | D:13     | Killed Erolcha
  2824 | D:13     | Reached skill level 10 in Unarmed Combat
  2864 | D:13     | Reached **** piety under Cheibriados
  2914 | D:13     | Noticed a centaur warrior
  2915 | D:14     | Noticed a wizard
  3241 | D:13     | Reached XP level 11. HP: 72/90 MP: 14/14
  3355 | D:13     | Found a portal to a secret trove of treasure.
  3364 | D:13     | Noticed a hill giant
  3383 | D:13     | Reached ***** piety under Cheibriados
  3429 | D:12     | Noticed Frances
  3503 | D:11     | Noticed Maud
  3523 | D:12     | Noticed a hill giant
  3542 | D:12     | Killed a hill giant
  3590 | D:11     | Noticed a hill giant
  3605 | D:11     | Killed a hill giant
  3605 | D:11     | Reached skill level 11 in Unarmed Combat
  3650 | D:10     | Killed Psyche
  3701 | D:10     | Found a staircase to the Orcish Mines.
  3710 | D:10     | Reached skill level 5 in Evocations
  3813 | D:9      | Bought the +2 helmet of Misanthropy {rF+ rC+} for 426 gold pieces
  3926 | Orc:1    | Entered Level 1 of the Orcish Mines
  4268 | Orc:4    | Entered Level 4 of the Orcish Mines
  4276 | Orc:4    | Reached skill level 1 in Translocations
  4298 | Orc:3    | Noticed Donald
  4298 | Orc:3    | Noticed Urug
  4310 | Orc:4    | Found a roughly hewn altar of Beogh.
  4344 | Orc:4    | HP: 1/94 [cyclops (25)]
  4446 | Orc:3    | Noticed Maurice
  4463 | Orc:3    | Killed Maurice
  4463 | Orc:3    | Reached skill level 1 in Spellcasting
  4474 | Orc:3    | Reached ****** piety under Cheibriados
  4585 | Orc:3    | You fall through a shaft!
  4807 | Orc:3    | Killed Urug
  4861 | Orc:3    | Noticed an orc warlord
  4900 | Orc:4    | Found Usuphepn's Antique Weapon Shop.
  4900 | Orc:4    | Found Idiruwet's Food Boutique.
  4901 | Orc:4    | Noticed a hill giant
  4903 | Orc:4    | Reached XP level 12. HP: 102/102 MP: 10/16
  4907 | Orc:4    | Reached skill level 12 in Unarmed Combat
  5038 | Orc:4    | Reached skill level 13 in Unarmed Combat
  5087 | Orc:4    | Killed Donald
  5128 | Orc:4    | Reached skill level 1 in Shields
  5144 | Orc:4    | Noticed an ogre mage
  5153 | Orc:4    | Mangled by a cyclops

Vault maps used:
D:1:      dpeg_arrival_erosion
D:2:      nicolae_ru_the_path_less_chosen, nicolae_qazlal_style_of_elements,
          elyvilon_altar_5, uniq_jessica
D:3:      first_bread, evilmike_ruin_ashenzari
D:4:      nicolae_gozag_zags_fifth_avenue, uniq_menkaure, uniq_edmund,
          uniq_grinder
D:5:      kennysheep_generic_room_4
D:6:      makhleb_blood_cavern_becter, fiery_altar_vehumet
D:7:      grunt_temple_overflow_diamond, minmay_temple_entry_butterflies,
          grunt_livestock, minmay_misc_feat_hallway
D:8:      grunt_temple_overflow_cloverleaf, lair_0_dummy, serial_shops,
          nicolae_shop_statue_plus, basic_altar, moated_statue, uniq_joseph
D:9:      serial_shops, shop
D:10:     david_orc_2, basic_altar, uniq_psyche
D:11:     kb_rosetta, uniq_erica, uniq_maud
D:12:     uniq_frances
D:13:     nicolae_trove_entry_crossroad, uniq_erolcha
D:14:     erik_vaults_2, serial_column_ruins, column_ruins_grid_3,
          column_ruins_grid_1, column_ruins_columns_corner, column_ruins_grid_3,
          zin_angel, portal_ice_cave_entry_ice_statue_01, serial_shops, shop,
          columned_hall_lemuel, nicolae_for_you_no_charge
Temple:   minmay_temple_curvy_8
Orc:2:    mines3_lemuel
Orc:3:    nicolae_orc_pool_cavern, uniq_donald, uniq_urug, uniq_maurice
Orc:4:    st_orc_open, basic_altar

Action                   |  1- 3 |  4- 6 |  7- 9 | 10-12 || total
-------------------------+-------+-------+-------+-------++-------
Melee: Unarmed           |    22 |    80 |   338 |   521 ||   961
Throw: Throwing net      |     5 |     2 |     4 |     6 ||    17
 Cast: Animate Skeleton  |       |       |       |    12 ||    12
       Apportation       |       |       |       |     9 ||     9
Invok: Slouch            |       |       |       |     5 ||     5
       Temporal Distorti |       |       |       |     4 ||     4
 Abil: Evoke Teleportati |       |       |       |     6 ||     6
Evoke: Wand              |       |       |     5 |    16 ||    21
  Use: Scroll            |       |       |     6 |     4 ||    10
       Potion            |       |       |       |     5 ||     5
 Stab: Held in net/web   |       |       |     2 |       ||     2
       Sleeping          |       |       |     1 |     5 ||     6
       Distracted        |       |       |       |     2 ||     2
       Invisible         |       |       |       |    11 ||    11
  Eat: Chunk             |     2 |     6 |    17 |    64 ||    89
